 Dungeon Crawl Stone Soup version 0.30-a0-451-ge042605de7 (webtiles) character file.

Game seed: 2126901867778981886

39 Lobster4 the Caller (level 3, 0/25 HPs)
             Began as a Human Summoner on Dec 11, 2022.
             Slain by a kobold
             ... wielding a +0 dagger
              (3 damage)
             ... on level 2 of the Dungeon.
             The game lasted 00:04:30 (1734 turns).

Lobster4 the Caller (Human Summoner)                Turns: 1734, Time: 00:04:31

Health: 0/25       AC:  5    Str:  8    XL:     3   Next: 70%
Magic:  4/6        EV: 12    Int: 17    God:
Gold:   51         SH:  0    Dex: 13    Spells: 3/6 levels left

rFire   . . .      SeeInvis .    f - +0 short sword
rCold   . . .      Faith    .    (no shield)
rNeg    . . .      Spirit   .    a - +0 robe
rPois   .          Reflect  .    (no helmet)
rElec   .          Harm     .    (no cloak)
rCorr   .          Rampage  .    i - +2 pair of gloves
Will    .....                    (no boots)
Stlth   ++........               (no amulet)
HPRegen 0.24/turn                (no ring)
MPRegen 0.10/turn                (no ring)

@: no status effects
A: no striking features
a: no special abilities


You were on level 2 of the Dungeon.
You visited 1 branch of the dungeon, and saw 2 of its levels.

You collected 51 gold pieces.

Inventory:

Hand Weapons
 d - a +0 dagger
 f - a +0 short sword (weapon)
Missiles
 c - 6 stones
Armour
 a - a +0 robe (worn)
 i - a +2 pair of gloves (worn)
 j - a +0 leather armour
Scrolls
 e - a scroll of torment {unknown}
Potions
 b - a potion of magic
 k - a potion of brilliance


   Skills:
 + Level 0.6 Fighting
 + Level 1.0 Armour
 + Level 2.2 Dodging
 + Level 2.2 Stealth
 + Level 2.2 Spellcasting
 * Level 4.4 Summonings


You had 3 spell levels left.
You knew the following spells:

 Your Spells              Type           Power      Damage    Failure   Level
a - Summon Small Mammal   Summ           64%        N/A       3%          1
b - Call Imp              Summ           16%        N/A       4%          2

Your spell library contained the following spells:

 Spells                   Type           Power      Damage    Failure   Level
 Call Canine Familiar     Summ           16%        N/A       10%         3
 Summon Guardian Golem    Hex/Summ       9%         N/A       22%         3
 Summon Lightning Spire   Summ/Air       9%         N/A       58%         4


Dungeon Overview and Level Annotations

Branches:
Dungeon (2/15)

Altars:

Shops:
D:1 [

Annotations:
D:2 Sigmund


Message History

* * * LOW HITPOINT WARNING * * *
Your iron imp hits the adder.
You hit the adder but do no damage.
The adder is almost dead.
The adder barely misses you.
Your iron imp hits the adder.
The adder dies!
Something hits you.
* * * LOW HITPOINT WARNING * * *
Your Armour skill increases to level 1!
Something barely misses your iron imp. Something hits your iron imp.
A kobold comes into view. It is wielding a +0 dagger.
You are confused.
You're too confused to move!
The kobold shouts!
Your iron imp appears confused.
You miss the kobold. The kobold barely misses you.
You bump into the rock wall.
Something hits your iron imp! The kobold hits you with a +0 dagger.
* * * LOW HITPOINT WARNING * * *
You bump into the rock wall.
You feel less confused. The kobold hits you with a +0 dagger.
* * * LOW HITPOINT WARNING * * *
You hit the kobold but do no damage.
Your iron imp closely misses something.
You hear some strange, mumbled words.
Your iron imp appears confused.
The kobold hits you with a +0 dagger.
* * * LOW HITPOINT WARNING * * *
You hit the kobold but do no damage. The kobold barely misses you.
You hit the kobold.
The kobold is moderately wounded.
Something barely misses you. The kobold hits you but does no damage.
You closely miss the kobold.
The kobold is moderately wounded.
Your iron imp misses you.
Your iron imp hits itself.
Your iron imp dies!
Your iron imp disappears in a puff of smoke!
The kobold hits you with a +0 dagger.
You die...

... #.#
#.# #.#
#.# #.#
#.# #K#
#@#.#
#ยง#.#
######
#.#.#
#....#
#.#.#
#....#
#...#
#....#
##...#
#....#
#....# #
#....#
#..#.#
.##....#
#..#.#


You could see a kobold.

Vanquished Creatures
  3 bats
  An endoplasm (D:2)
  A giant cockroach (D:2)
  A hobgoblin (D:1)
  A quokka (D:1)
  3 ball pythons (D:1)
  A frilled lizard (D:1)
  2 rats
13 creatures vanquished.

Vanquished Creatures (collateral kills)
  An adder (D:2)
  A dart slug (D:1)
  2 ball pythons (D:1)
  2 endoplasms (D:1)
  A giant cockroach (D:1)
  2 quokkas
  A bat (D:1)
  2 goblins (D:1)
  3 kobolds (D:1)
15 creatures vanquished.

Grand Total: 28 creatures vanquished

Notes
Turn   | Place    | Note
-------+----------+-------------------------------------------
     0 | D:1      | Lobster4 the Human Summoner began the quest for the Orb.
     0 | D:1      | Reached XP level 1. HP: 13/13 MP: 3/3
   229 | D:1      | Reached XP level 2. HP: 19/19 MP: 1/5
   232 | D:1      | Learned a level 2 spell: Call Imp
   375 | D:1      | Found Wesheob's Antique Armour Boutique.
  1070 | D:1      | Reached XP level 3. HP: 25/25 MP: 0/6
  1658 | D:2      | Noticed Sigmund
  1713 | D:2      | Reached skill level 1 in Armour
  1734 | D:2      | Slain by a kobold

Illustrated notes

Levels and vault maps discovered:
D:1:      dpeg_arrival_arbitrary_b, layout_basic, serial_shops, shop,
          grunt_decor_clamped
D:2:      layout_basic, hellmonk_ecumenical_altar_pennies_from_heaven,
          kennysheep_another_room, uniq_sigmund

Skill      XL: |  1  2  3 |
---------------+----------+-----
Armour         | 1 |  1.0
Fighting       | |  0.6
Dodging        | |  2.2
Stealth        | |  2.2
Spellcasting   | |  2.2
Summonings     | |  4.4

Action                   || total
-------------------------++-------
Melee: Unarmed           ||     5
       Dagger            ||     4
       Short sword       ||    78
 Cast: Summon Small Mamm ||    51
       Call Imp          ||     4
  Use: Scroll            ||     2
       Potion            ||     1
 Stab: Sleeping          ||     1
Armor: Robe              ||    46
Dodge: Dodged            ||    81

Table legend: (Time is in decaauts)
 A = Elapsed time spent in this place.
 B = Non-inter-level travel time spent in this place.
 C = Inter-level travel time spent in this place.
 D = Time resting spent in this place.
 E = Time spent auto-exploring this place.
 F = Levels seen in this place.
 G = Mean time per level.
                   A        B        C        D        E       F      G
               +--------+--------+--------+--------+--------+-----+--------+
         Total |   1732 |   1646 |     86 |      0 |   1217 |   2 |  866.0 |
       Dungeon |   1732 |   1646 |     86 |      0 |   1217 |   2 |  866.0 |
               +--------+--------+--------+--------+--------+-----+--------+

Top non-repeatable levels by time:
     D:1: 1524 daAuts
     D:2: 208 daAuts
